[Event "ESP-chT 2nd Division 2019"]
[Site "Linares"]
[Date "2019.08.22"]
[Round "5.38"]
[White "Espejo Montagut, Jonathan"]
[Black "Fernandez Lopez, Ruben"]
[Result "0-1"]
[ECO "B94"]
[WhiteElo "2096"]
[BlackElo "2242"]
[Annotator "NA"]
[PlyCount "60"]
[EventDate "2019.08.19"]
[EventType "team-tourn"]
[EventCountry "ESP"]
[SourceTitle "playchess.com"]
[Source "ChessBase"]
[SourceQuality "1"]
[TimeControl "5400+30"]

1. e4 c5 2. Nf3 d6 3. d4 cxd4 4. Nxd4 Nf6 5. Nc3 a6 6. Bg5 Nbd7 7. Qe2 e6 8. f4 Qc7 9. g4 b5 10. Bg2 Bb7 11. a3 Be7 12. f5 e5 13. Nb3 Rc8 14. Bf3 Nb6 15. Nd2 h5 16. gxh5 Nxh5 17. Bxe7 Nf4 18. Qe3 Kxe7 19. O-O Rh6 20. Bg4 Rch8 21. Rf2 Rh4 22. Qg3 Rxg4 23. Qxg4 Nh3+ 24. Kg2 Nxf2 25. Qg5+ Kd7 26. Qxg7 Qd8 27. Kxf2 Rxh2+ 28. Ke3 Nd5+ 29. Nxd5 Bxd5 30. c3 Qb6+ {[%emt 0:00:44] Kd4} 0-1

[Event "ESP-chT 2nd Division 2019"]
[Site "Linares"]
[Date "2019.08.22"]
[Round "5.39"]
[White "Garcia Sobrino, David"]
[Black "Serrano Garcia, Luis"]
[Result "1-0"]
[ECO "C47"]
[WhiteElo "2195"]
[BlackElo "1908"]
[Annotator "NA"]
[PlyCount "81"]
[EventDate "2019.08.19"]
[EventType "team-tourn"]
[EventCountry "ESP"]
[SourceTitle "playchess.com"]
[Source "ChessBase"]
[SourceQuality "1"]
[TimeControl "5400+30"]

1. e4 e5 2. Nf3 Nc6 3. Nc3 Nf6 4. d4 exd4 5. Nxd4 Bc5 6. Be3 Bb6 7. Qd2 Ng4 8. Bg5 f6 9. Nxc6 dxc6 10. Qxd8+ Kxd8 11. Bh4 Be6 12. h3 Ne5 13. O-O-O+ Ke7 14. Na4 Rhd8 15. Be2 g5 16. Bg3 Rd6 17. b3 Rad8 18. Nxb6 cxb6 19. h4 Rxd1+ 20. Bxd1 h6 21. hxg5 hxg5 22. Bxe5 fxe5 23. Rh7+ Bf7 24. Bh5 Rf8 25. Kd2 Kf6 26. Rxf7+ Rxf7 27. Bxf7 Kxf7 28. Ke3 Kg6 29. Kf3 Kh5 30. Kg3 b5 31. b4 b6 32. f3 c5 33. c3 a5 34. a3 Kh6 35. Kg4 Kg6 36. g3 a4 37. f4 gxf4 38. gxf4 exf4 39. Kxf4 Kf6 40. e5+ Ke6 41. Ke4 {Kd5+} 1-0

[Event "ESP-chT 2nd Division 2019"]
[Site "Linares"]
[Date "2019.08.22"]
[Round "5.40"]
[White "Perdigones Gomez, Mercedes"]
[Black "Lorenzo Serrano, Henar"]
[Result "0-1"]
[ECO "B01"]
[WhiteElo "1317"]
[BlackElo "1719"]
[Annotator "NA"]
[PlyCount "60"]
[EventDate "2019.08.19"]
[EventType "team-tourn"]
[EventCountry "ESP"]
[SourceTitle "playchess.com"]
[Source "ChessBase"]
[SourceQuality "1"]
[TimeControl "5400+30"]

1. e4 d5 2. exd5 Nf6 3. Nf3 Qxd5 4. Nc3 Qa5 5. g3 Bg4 6. Bg2 Nc6 7. h3 Bh5 8. a3 O-O-O 9. b4 Nxb4 10. Rb1 Nbd5 11. Nxd5 Nxd5 12. Qe2 c6 13. Qe5 Bg6 14. Qb2 Qb6 15. Qa1 Qc5 16. Qb2 Nb6 17. d3 e5 18. O-O Bd6 19. Re1 Rhe8 20. Qb3 e4 21. d4 Qd5 22. Ng5 h6 23. c4 Qxc4 24. Nxe4 Bc7 25. Qxc4 Nxc4 26. Kf1 Rxd4 27. Rb4 Bxe4 28. Rxe4 Rexe4 29. Bxe4 Rxe4 30. Be3 Nxe3+ 0-1

[Event "ESP-chT 2nd Division 2019"]
[Site "Linares"]
[Date "2019.08.22"]
[Round "6.2"]
[White "Carrasco Martinez, Juan M."]
[Black "Del Rio De Angelis, Salvador G."]
[Result "1/2-1/2"]
[ECO "B23"]
[WhiteElo "2374"]
[BlackElo "2472"]
[Annotator "ChessBase"]
[PlyCount "64"]
[EventDate "2019.08.19"]
[EventType "team-tourn"]
[EventCountry "ESP"]
[SourceTitle "playchess.com"]
[Source "ChessBase"]
[SourceQuality "1"]
[TimeControl "5400+30"]

1. e4 c5 2. Nc3 e6 3. Nge2 a6 4. g3 b5 5. Bg2 Bb7 6. d4 cxd4 7. Nxd4 d6 8. O-O Nd7 9. Re1 Qc7 10. Bg5 Ngf6 11. a4 b4 12. Nd5 exd5 13. exd5+ Ne5 14. f4 O-O-O 15. fxe5 dxe5 16. Bxf6 gxf6 17. Qg4+ Qd7 18. Qxd7+ Rxd7 19. Nc6 Bxc6 20. dxc6 Rd2 21. Rad1 Bc5+ 22. Kh1 Rhd8 23. Rxd2 Rxd2 24. Be4 h6 25. b3 Rf2 26. Bd3 a5 27. Rf1 Rxf1+ 28. Bxf1 Kc7 29. Bb5 Kd6 30. g4 Be3 31. Kg2 Bf4 32. h3 e4 1/2-1/2

[Event "ESP-chT 2nd Division 2019"]
[Site "Linares"]
[Date "2019.08.22"]
[Round "6.3"]
[White "Iruzubieta Villaluenga, Jesus M"]
[Black "Figuero Toro, Julian Francisco"]
[Result "1-0"]
[ECO "C24"]
[WhiteElo "2438"]
[BlackElo "2268"]
[Annotator "NA"]
[PlyCount "53"]
[EventDate "2019.08.19"]
[EventType "team-tourn"]
[EventCountry "ESP"]
[SourceTitle "playchess.com"]
[Source "ChessBase"]
[SourceQuality "1"]
[TimeControl "5400+30"]

1. e4 e5 2. Bc4 Nf6 3. d3 c6 4. Nf3 Be7 5. O-O d6 6. Re1 O-O 7. Bb3 Nbd7 8. c3 Nc5 9. Bc2 Bg4 10. Nbd2 Ne6 11. h3 Bh5 12. Nf1 Re8 13. Ng3 Bxf3 14. Qxf3 g6 15. Be3 Nd7 16. d4 Bg5 17. Bb3 Bxe3 18. Qxe3 exd4 19. cxd4 Qf6 20. Rad1 d5 21. exd5 Nc7 22. Ne4 Qg7 23. dxc6 bxc6 24. Qc3 Nb6 25. Qxc6 Ne6 26. Nd6 Red8 27. Nxf7 1-0

[Event "ESP-chT 2nd Division 2019"]
[Site "Linares"]
[Date "2019.08.22"]
[Round "6.4"]
[White "Gonzalez Cano, Juan Jose"]
[Black "Trigo Urquijo, Sergio"]
[Result "1/2-1/2"]
[ECO "C95"]
[WhiteElo "2019"]
[BlackElo "2385"]
[Annotator "NA"]
[PlyCount "68"]
[EventDate "2019.08.19"]
[EventType "team-tourn"]
[EventCountry "ESP"]
[SourceTitle "playchess.com"]
[Source "ChessBase"]
[SourceQuality "1"]
[TimeControl "5400+30"]

1. e4 e5 2. Nf3 Nc6 3. Bb5 a6 4. Ba4 Nf6 5. O-O Be7 6. Re1 b5 7. Bb3 d6 8. c3 O-O 9. h3 Nb8 10. d4 Nbd7 11. Nbd2 Bb7 12. Bc2 Re8 13. Nf1 Bf8 14. Ng3 g6 15. a4 c5 16. d5 c4 17. Be3 Nc5 18. Bxc5 dxc5 19. Qe2 Qd6 20. Qe3 Nd7 21. Nh2 h5 22. Nf3 Bg7 23. Ne2 Qf8 24. g4 hxg4 25. hxg4 f6 26. Ng3 Bh6 27. Qe2 Kg7 28. Kg2 Bg5 29. Rh1 Qf7 30. Rh3 Rh8 31. Rah1 Rxh3 32. Rxh3 Rh8 33. Rxh8 Kxh8 34. axb5 axb5 1/2-1/2

[Event "ESP-chT 2nd Division 2019"]
[Site "Linares"]
[Date "2019.08.22"]
[Round "6.5"]
[White "Sosa Suarez, Carla Cristina"]
[Black "Guillo Longares, Cecilia"]
[Result "1/2-1/2"]
[ECO "B36"]
[WhiteElo "2135"]
[BlackElo "1916"]
[Annotator "NA"]
[PlyCount "69"]
[EventDate "2019.08.19"]
[EventType "team-tourn"]
[EventCountry "ESP"]
[SourceTitle "playchess.com"]
[Source "ChessBase"]
[SourceQuality "1"]
[TimeControl "5400+30"]

1. e4 c5 2. Nf3 Nc6 3. d4 cxd4 4. Nxd4 g6 5. c4 Nf6 6. Nc3 Nxd4 7. Qxd4 d6 8. Be2 Bg7 9. Be3 O-O 10. Qd2 a5 11. O-O a4 12. Bd4 Qa5 13. Rad1 Bd7 14. c5 Bc6 15. cxd6 exd6 16. Qf4 Ne8 17. Nd5 Bxd5 18. Bxg7 Kxg7 19. Rxd5 Qc7 20. Rc1 Qe7 21. Bd3 Nf6 22. Rd4 Qe5 23. Qxe5 dxe5 24. Rb4 Rfd8 25. Rc3 Rd7 26. Kf1 Rad8 27. Ke2 Rd4 28. Rxb7 Nxe4 29. Bxe4 Rxe4+ 30. Re3 Red4 31. Rxe5 Rd2+ 32. Kf3 a3 33. bxa3 Rxa2 34. Ree7 Rxa3+ 35. Ke2 1/2-1/2

[Event "ESP-chT 2nd Division 2019"]
[Site "Linares"]
[Date "2019.08.22"]
[Round "6.6"]
[White "Ayats Llobera, Gerard"]
[Black "Suarez Gomez, Julio"]
[Result "1/2-1/2"]
[ECO "C00"]
[WhiteElo "2377"]
[BlackElo "2433"]
[Annotator "NA"]
[PlyCount "44"]
[EventDate "2019.08.19"]
[EventType "team-tourn"]
[EventCountry "ESP"]
[SourceTitle "playchess.com"]
[Source "ChessBase"]
[SourceQuality "1"]
[TimeControl "5400+30"]

1. e4 e6 2. d3 d5 3. Qe2 Ne7 4. Nf3 c5 5. g3 Nbc6 6. Bg2 g6 7. h4 h6 8. O-O Bg7 9. e5 O-O 10. Nbd2 Nf5 11. Nb3 b6 12. Bf4 a5 13. a4 Ba6 14. Qd2 Kh7 15. Rfe1 Rc8 16. c3 Qe7 17. Bh3 Qd8 18. Bg2 Qe7 19. Bh3 Qd8 20. Bg2 Qe7 21. Bh3 Rfd8 22. h5 g5 1/2-1/2

[Event "ESP-chT 2nd Division 2019"]
[Site "Linares"]
[Date "2019.08.22"]
[Round "6.7"]
[White "Reinaldo Castineira, Roi"]
[Black "Martin Gonzalez, Angel"]
[Result "1-0"]
[ECO "B24"]
[WhiteElo "2467"]
[BlackElo "2334"]
[Annotator "ChessBase"]
[PlyCount "116"]
[EventDate "2019.08.19"]
[EventType "team-tourn"]
[EventCountry "ESP"]
[SourceTitle "playchess.com"]
[Source "ChessBase"]
[SourceQuality "1"]
[TimeControl "5400+30"]

1. e4 c5 2. Nc3 Nc6 3. Bb5 Nd4 4. Bc4 g6 5. Nf3 Bg7 6. Nxd4 cxd4 7. Qf3 e6 8. Nb5 d5 9. exd5 a6 10. dxe6 fxe6 11. Na3 Nf6 12. d3 O-O 13. Bb3 Nd5 14. Qg3 Rf5 15. O-O b5 16. Bd2 Be5 17. f4 Bd6 18. Rae1 Qc7 19. Re4 Bd7 20. Qf3 Raf8 21. g3 a5 22. Nxb5 Bxb5 23. Rxe6 Bc6 24. g4 a4 25. Bc4 Nb6 26. Qxc6 Qxc6 27. Rxd6+ Nxc4 28. Rxc6 Nxd2 29. gxf5 Nxf1 30. Kxf1 Rxf5 31. Rc4 Rxf4+ 32. Kg2 a3 33. bxa3 Kf7 34. c3 Ke6 35. Rxd4 Rf7 36. a4 Rc7 37. Rc4 Rd7 38. d4 Kd5 39. Rc5+ Ke4 40. a5 Rb7 41. d5 Ke5 42. c4 Rb2+ 43. Kg3 Rxa2 44. h4 Ra1 45. Rc6 Rxa5 46. d6 Ra3+ 47. Kg4 Rd3 48. c5 Ke6 49. Rc7 Rd5 50. Kf4 Rd4+ 51. Ke3 Rd5 52. Ke4 Rd1 53. Re7+ Kf6 54. Rxh7 Ke6 55. Re7+ Kf6 56. Rc7 Ke6 57. d7 Rxd7 58. Rxd7 Kxd7 1-0

[Event "ESP-chT 2nd Division 2019"]
[Site "Linares"]
[Date "2019.08.22"]
[Round "6.8"]
[White "Jimenez Ruano, Adrian"]
[Black "Laiz Ibanez, Hector"]
[Result "1-0"]
[ECO "E48"]
[WhiteElo "2278"]
[BlackElo "2274"]
[Annotator "NA"]
[PlyCount "101"]
[EventDate "2019.08.19"]
[EventType "team-tourn"]
[EventCountry "ESP"]
[SourceTitle "playchess.com"]
[Source "ChessBase"]
[SourceQuality "1"]
[TimeControl "5400+30"]

1. d4 Nf6 2. c4 e6 3. Nc3 Bb4 4. e3 O-O 5. Bd3 d5 6. cxd5 exd5 7. Nge2 Re8 8. Bd2 Bd6 9. Rc1 a6 10. O-O Nbd7 11. Ng3 c6 12. Qc2 Nf8 13. f3 c5 14. Nce2 c4 15. Bf5 b5 16. Kh1 Bxf5 17. Nxf5 Bc7 18. g4 a5 19. Neg3 Ne6 20. g5 Nd7 21. f4 Ra6 22. Rf3 Bd6 23. Rg1 Bf8 24. Nh5 g6 25. Rh3 Nc7 26. Qd1 Kh8 27. Nhg3 gxf5 28. Qh5 h6 29. Nxf5 Ree6 30. Nxh6 Bxh6 31. f5 Rec6 32. g6 Qf8 33. gxf7 Rf6 34. Rg8+ Qxg8 35. fxg8=Q+ Kxg8 36. Rg3+ Bg7 37. Qg4 Rf7 38. Qh4 Nf6 39. a3 Nce8 40. Rg6 Nd6 41. Qf4 Nfe4 42. Bc3 Rxf5 43. Qh4 Kf7 44. Qh7 Rf1+ 45. Kg2 Rf2+ 46. Kg1 Nf5 47. Rxa6 Nxe3 48. Qg6+ Kg8 49. Ra8+ Rf8 50. Qe6+ Kh7 51. Qh3+ 1-0

[Event "ESP-chT 2nd Division 2019"]
[Site "Linares"]
[Date "2019.08.22"]
[Round "6.9"]
[White "Abal Cores, Lucas"]
[Black "Sanchez Lopez, Juan Manuel"]
[Result "1/2-1/2"]
[ECO "B22"]
[WhiteElo "2290"]
[BlackElo "2084"]
[Annotator "NA"]
[PlyCount "96"]
[EventDate "2019.08.19"]
[EventType "team-tourn"]
[EventCountry "ESP"]
[SourceTitle "playchess.com"]
[Source "ChessBase"]
[SourceQuality "1"]
[TimeControl "5400+30"]

1. e4 c5 2. c3 e5 3. Nf3 Nc6 4. Bb5 Nge7 5. Na3 a6 6. Nc4 d6 7. Bxc6+ Nxc6 8. O-O Be7 9. d4 exd4 10. cxd4 Bg4 11. d5 Nd4 12. Ncd2 O-O 13. h3 Nxf3+ 14. Nxf3 Bxf3 15. Qxf3 Bf6 16. Qb3 Re8 17. Re1 Bd4 18. Bf4 Qf6 19. Bg3 b5 20. Re2 c4 21. Qc2 Rac8 22. Rf1 Qg6 23. Kh2 h5 24. f4 Qf6 25. Rf3 h4 26. Be1 Rc7 27. Bc3 Bxc3 28. Qxc3 Qxc3 29. bxc3 Rc5 30. Rfe3 f5 31. Kg1 fxe4 32. Rd2 Kf7 33. Kf2 Kf6 34. g4 g5 35. f5 Re5 36. Ke2 Rc8 37. Rd4 Rc5 38. Rd2 a5 39. a3 Rcxd5 40. Rxd5 Rxd5 41. Rxe4 Rd3 42. Re3 Rd5 43. Re4 Kf7 44. Re3 Rc5 45. Re6 Rd5 46. Re3 Rc5 47. Re6 Rd5 48. Re3 Kf6 1/2-1/2

[Event "ESP-chT 2nd Division 2019"]
[Site "Linares"]
[Date "2019.08.22"]
[Round "6.10"]
[White "Catalan Gasque, Noelia"]
[Black "Dorado Meijide, Andrea"]
[Result "0-1"]
[ECO "E11"]
[WhiteElo "1789"]
[BlackElo "1762"]
[Annotator "NA"]
[PlyCount "106"]
[EventDate "2019.08.19"]
[EventType "team-tourn"]
[EventCountry "ESP"]
[SourceTitle "playchess.com"]
[Source "ChessBase"]
[SourceQuality "1"]
[TimeControl "5400+30"]

1. d4 Nf6 2. Nf3 e6 3. c4 Bb4+ 4. Bd2 Bxd2+ 5. Nbxd2 d6 6. e3 Nbd7 7. Be2 O-O 8. O-O Re8 9. Qc2 Qe7 10. e4 e5 11. d5 Nh5 12. g3 Nf8 13. Nh4 Nf4 14. gxf4 Qxh4 15. f5 Nd7 16. Kh1 Nf6 17. f3 Nh5 18. Rg1 Nf4 19. Nf1 Nh3 20. Rg3 Qh6 21. Qc3 Nf4 22. Re1 g6 23. Ne3 Kh8 24. Ng4 Qh4 25. fxg6 hxg6 26. Ne3 Kg7 27. Ng2 Nxg2 28. Kxg2 Rh8 29. Rh1 Bh3+ 30. Kg1 Rh6 31. Qe3 Rah8 32. Qg5 Qf4 33. Kf2 Qxg5 34. Rxg5 f6 35. Rgg1 Kf7 36. b4 Bd7 37. Kg3 f5 38. Bf1 f4+ 39. Kf2 Rxh2+ 40. Rxh2 Rxh2+ 41. Rg2 Rxg2+ 42. Kxg2 b6 43. Bd3 g5 44. Bc2 g4 45. Kf2 g3+ 46. Kg2 Kg6 47. a3 Kh5 48. b5 Kh4 49. a4 Bh3+ 50. Kg1 g2 51. Kh2 g1=Q+ 52. Kxg1 Kg3 53. Bd1 Bg2 0-1

[Event "ESP-chT 2nd Division 2019"]
[Site "Linares"]
[Date "2019.08.22"]
[Round "6.11"]
[White "Rios, Cristhian Camilo"]
[Black "Fernandez Barrera, Victor"]
[Result "1/2-1/2"]
[ECO "E32"]
[WhiteElo "2530"]
[BlackElo "2301"]
[Annotator "ChessBase"]
[PlyCount "90"]
[EventDate "2019.08.19"]
[EventType "team-tourn"]
[EventCountry "ESP"]
[SourceTitle "playchess.com"]
[Source "ChessBase"]
[SourceQuality "1"]
[TimeControl "5400+30"]

1. d4 Nf6 2. c4 e6 3. Nc3 Bb4 4. Qc2 O-O 5. e4 d5 6. e5 Ne4 7. Bd3 c5 8. a3 Bxc3+ 9. bxc3 cxd4 10. cxd4 Nc6 11. Ne2 f6 12. Bxe4 dxe4 13. exf6 Qxf6 14. Be3 e5 15. dxe5 Nxe5 16. O-O Qh4 17. Qd2 Be6 18. Qd6 Bxc4 19. Qxe5 Bxe2 20. Rfc1 Qg4 21. Rc7 Rae8 22. Qd5+ Kh8 23. Bd4 Rg8 24. h3 Qg6 25. Qxb7 Bf3 26. g3 h5 27. Rac1 Rd8 28. R7c6 Qg5 29. Qb5 Qd2 30. Be3 Qd7 31. Kh2 Rgf8 32. Qb2 Rc8 33. Rh6+ Kg8 34. Rxc8 Qxc8 35. Qb3+ Rf7 36. Rd6 Qb7 37. Qa2 Kh7 38. Rd8 h4 39. Bf4 hxg3+ 40. Bxg3 Qe7 41. Rc8 Qb7 42. Rd8 Qe7 43. Rc8 Qb7 44. Qc2 Qa6 45. Qc4 Qxc4 1/2-1/2

[Event "ESP-chT 2nd Division 2019"]
[Site "Linares"]
[Date "2019.08.22"]
[Round "6.12"]
[White "Buendia Pinar, Alvaro"]
[Black "Sosa, Tomas"]
[Result "1/2-1/2"]
[ECO "E40"]
[WhiteElo "2277"]
[BlackElo "2508"]
[Annotator "ChessBase"]
[PlyCount "60"]
[EventDate "2019.08.19"]
[EventType "team-tourn"]
[EventCountry "ESP"]
[SourceTitle "playchess.com"]
[Source "ChessBase"]
[SourceQuality "1"]
[TimeControl "5400+30"]

1. d4 Nf6 2. c4 e6 3. Nc3 Bb4 4. e3 d5 5. Bd3 O-O 6. Nge2 b6 7. O-O Bb7 8. Qc2 a6 9. Rd1 Nbd7 10. e4 dxe4 11. Nxe4 Nxe4 12. Bxe4 Bxe4 13. Qxe4 Bd6 14. Nc3 Qe7 15. Bf4 Nf6 16. Bxd6 Qxd6 17. Qe2 Qb4 18. a3 Qb3 19. Qd3 Kh8 20. Ne2 Qxd3 21. Rxd3 Rfd8 22. Rad1 Rab8 23. b4 h6 24. f3 g5 25. Kf2 Kg7 26. Nc3 b5 27. cxb5 axb5 28. d5 exd5 29. Nxd5 Nxd5 30. Rxd5 Rxd5 1/2-1/2

[Event "ESP-chT 2nd Division 2019"]
[Site "Linares"]
[Date "2019.08.22"]
[Round "6.13"]
[White "Garriga Cazorla, Pere"]
[Black "Jimenez Martinez, Jose Vicente"]
[Result "1-0"]
[ECO "E90"]
[WhiteElo "2495"]
[BlackElo "2264"]
[Annotator "ChessBase"]
[PlyCount "91"]
[EventDate "2019.08.19"]
[EventType "team-tourn"]
[EventCountry "ESP"]
[SourceTitle "playchess.com"]
[Source "ChessBase"]
[SourceQuality "1"]
[TimeControl "5400+30"]

1. d4 g6 2. c4 Bg7 3. Nc3 d6 4. e4 Nf6 5. Nf3 O-O 6. h3 e5 7. d5 a5 8. g4 Na6 9. Be3 Nd7 10. a3 Nac5 11. Nd2 a4 12. h4 c6 13. g5 f5 14. Rg1 f4 15. Bxc5 Nxc5 16. Qf3 cxd5 17. cxd5 Bd7 18. O-O-O Qa5 19. Kb1 b5 20. Na2 Rfc8 21. Bh3 Qd8 22. Nb4 Bxh3 23. Qxh3 Qd7 24. Rh1 Kf7 25. Rc1 Qxh3 26. Rxh3 h5 27. Rhc3 Ke8 28. Nd3 Bf8 29. Nf3 Rcb8 30. Nxc5 dxc5 31. Nxe5 Bg7 32. Nc6 Bxc3 33. Rxc3 b4 34. axb4 cxb4 35. Rc4 Rb5 36. Ka2 Rc8 37. Rd4 Rc5 38. Rxb4 Rc2 39. f3 Ra8 40. Kb1 Rf2 41. Ne5 Ke7 42. Rb6 a3 43. bxa3 Rxa3 44. d6+ Kf8 45. d7 Ke7 46. Rb8 1-0

[Event "ESP-chT 2nd Division 2019"]
[Site "Linares"]
[Date "2019.08.22"]
[Round "6.14"]
[White "Alvarez Serrano, Carlos"]
[Black "Fernandez Diaz, Cristian"]
[Result "0-1"]
[ECO "B39"]
[WhiteElo "2244"]
[BlackElo "2303"]
[Annotator "NA"]
[PlyCount "87"]
[EventDate "2019.08.19"]
[EventType "team-tourn"]
[EventCountry "ESP"]
[SourceTitle "playchess.com"]
[Source "ChessBase"]
[SourceQuality "1"]
[TimeControl "5400+30"]

1. Nf3 c5 2. c4 Nc6 3. d4 cxd4 4. Nxd4 Nf6 5. Nc3 g6 6. e4 Bg7 7. Be3 Ng4 8. Qxg4 Nxd4 9. Qd1 e5 10. Nb5 d6 11. Qd2 Nxb5 12. cxb5 Be6 13. Rd1 Bxa2 14. Qxd6 Qxd6 15. Rxd6 Bf8 16. Rd1 Bb4+ 17. Bd2 Bxd2+ 18. Kxd2 O-O-O+ 19. Bd3 Rd4 20. Rc1+ Kb8 21. Rc3 Be6 22. Kc2 Rhd8 23. Re1 R8d6 24. Re3 Rb6 25. Rc5 f6 26. Be2 a5 27. f3 Rbd6 28. Rd3 a4 29. Rxd4 Rxd4 30. Kc3 Ka7 31. Rc7 Bd7 32. b4 Kb6 33. Rc5 a3 34. Bc4 g5 35. h3 h5 36. Kc2 h4 37. Kc3 Rd1 38. Rd5 Rxd5 39. exd5 Bxb5 40. Bxb5 Kxb5 41. Kb3 Kb6 42. Kxa3 Kc7 43. Ka4 Kd6 44. Kb5 0-1

[Event "ESP-chT 2nd Division 2019"]
[Site "Linares"]
[Date "2019.08.22"]
[Round "6.15"]
[White "Marti Puig, Patricia"]
[Black "Jimenez Fernandez, Rebeca"]
[Result "0-1"]
[ECO "B06"]
[WhiteElo "1683"]
[BlackElo "1928"]
[Annotator "NA"]
[PlyCount "80"]
[EventDate "2019.08.19"]
[EventType "team-tourn"]
[EventCountry "ESP"]
[SourceTitle "playchess.com"]
[Source "ChessBase"]
[SourceQuality "1"]
[TimeControl "5400+30"]

1. e4 g6 2. d4 Bg7 3. Nf3 d6 4. Bc4 a6 5. Ng5 e6 6. f4 b5 7. Be2 Bb7 8. Qd3 Nf6 9. e5 Nd5 10. O-O O-O 11. c3 c5 12. Nd2 Nxf4 13. Rxf4 Qxg5 14. Ne4 Bxe4 15. Qxe4 d5 16. Qf3 Qe7 17. Qh3 Nc6 18. Bd2 cxd4 19. cxd4 Rac8 20. a3 Rc7 21. Raf1 f6 22. Bg4 f5 23. Bd1 g5 24. R4f2 Rfc8 25. Qd3 a5 26. Qxb5 Nxd4 27. Qxa5 Bxe5 28. Bb4 Qg7 29. Bc3 g4 30. g3 h5 31. Qa6 Rc6 32. Qd3 R6c7 33. Qa6 Qf6 34. Re1 Re8 35. Rd2 Nf3+ 36. Bxf3 Bxc3 37. bxc3 gxf3 38. Rxd5 Qxc3 39. Rde5 Qd4+ 40. Kf1 Qd2 0-1

[Event "ESP-chT 2nd Division 2019"]
[Site "Linares"]
[Date "2019.08.22"]
[Round "6.16"]
[White "Portela Peleteiro, Alberto"]
[Black "Nayhebaver, Martin"]
[Result "0-1"]
[ECO "B23"]
[WhiteElo "2375"]
[BlackElo "2469"]
[Annotator "ChessBase"]
[PlyCount "78"]
[EventDate "2019.08.19"]
[EventType "team-tourn"]
[EventCountry "ESP"]
[SourceTitle "playchess.com"]
[Source "ChessBase"]
[SourceQuality "1"]
[TimeControl "5400+30"]

1. e4 c5 2. Ne2 Nc6 3. Nbc3 Nf6 4. g3 d5 5. exd5 Nd4 6. Bg2 Bg4 7. h3 Bf3 8. Bxf3 Nxf3+ 9. Kf1 Nxd5 10. Kg2 Ne5 11. Re1 e6 12. d3 Be7 13. Nf4 Nxf4+ 14. Bxf4 Nc6 15. h4 O-O 16. h5 h6 17. Qg4 Kh8 18. Rad1 Qd7 19. Be5 f6 20. Bf4 f5 21. Qe2 Nd4 22. Qe3 Nxc2 23. Qxe6 Nxe1+ 24. Rxe1 Qxe6 25. Rxe6 Bf6 26. Nd5 Rae8 27. Rxe8 Rxe8 28. Nxf6 gxf6 29. Bxh6 Re2 30. Be3 Rxb2 31. Kf3 Rxa2 32. Kf4 Ra5 33. Kxf5 c4+ 34. Kg6 cxd3 35. h6 Ra2 36. Bd4 Ra6 37. Bc3 Rc6 38. Bd2 f5+ 39. Kxf5 Rc2 0-1

[Event "ESP-chT 2nd Division 2019"]
[Site "Linares"]
[Date "2019.08.22"]
[Round "6.17"]
[White "Khamrakulov, Ibragim S."]
[Black "Veiga, Jose Francisco R P N"]
[Result "1/2-1/2"]
[ECO "C54"]
[WhiteElo "2429"]
[BlackElo "2346"]
[Annotator "NA"]
[PlyCount "107"]
[EventDate "2019.08.19"]
[EventType "team-tourn"]
[EventCountry "ESP"]
[SourceTitle "playchess.com"]
[Source "ChessBase"]
[SourceQuality "1"]
[TimeControl "5400+30"]

1. e4 e5 2. Nf3 Nc6 3. Bc4 Bc5 4. c3 Nf6 5. d3 O-O 6. O-O d5 7. exd5 Nxd5 8. Nbd2 Nb6 9. Bb5 Bd6 10. Ne4 Re8 11. d4 exd4 12. Nxd6 Qxd6 13. Nxd4 Bd7 14. Nxc6 bxc6 15. Ba6 Qxd1 16. Rxd1 Nd5 17. Bd2 Rab8 18. b3 Bg4 19. f3 Be6 20. Kf2 Red8 21. Be1 Kf8 22. c4 Nb6 23. Rxd8+ Rxd8 24. Bb7 c5 25. Ke2 Re8 26. Kd2 Rd8+ 27. Ke3 Nc8 28. Bxc8 Rxc8 29. Bf2 Ke7 30. Rd1 Rd8 31. Rxd8 Kxd8 32. Ke4 a6 33. Bxc5 Kd7 34. a4 g6 35. Kd4 Bf5 36. Kc3 Kc6 37. Be3 a5 38. g4 Bb1 39. g5 Bf5 40. b4 axb4+ 41. Kxb4 Bh3 42. a5 Bg2 43. f4 Kd6 44. Bc5+ Ke6 45. Bd4 Kd6 46. Kb5 Bc6+ 47. Ka6 Kd7 48. Be5 Kc8 49. Bd4 Be8 50. Be5 Bd7 51. Bd4 Be8 52. Be5 Bd7 53. Bd4 Be8 54. Be5 1/2-1/2

[Event "ESP-chT 2nd Division 2019"]
[Site "Linares"]
[Date "2019.08.22"]
[Round "6.18"]
[White "Garcia Castro, Pablo"]
[Black "Soham Das"]
[Result "1-0"]
[ECO "A00"]
[WhiteElo "2327"]
[BlackElo "2339"]
[Annotator "NA"]
[PlyCount "45"]
[EventDate "2019.08.19"]
[EventType "team-tourn"]
[EventCountry "ESP"]
[SourceTitle "playchess.com"]
[Source "ChessBase"]
[SourceQuality "1"]
[TimeControl "5400+30"]

1. e3 f5 2. d4 Nf6 3. b3 d6 4. Bb2 g6 5. Nc3 Bg7 6. h4 Nc6 7. Qd2 e5 8. dxe5 Nxe5 9. O-O-O Be6 10. Nh3 Qe7 11. Bb5+ Bd7 12. Be2 O-O-O 13. Nf4 Bc6 14. Kb1 Kb8 15. h5 gxh5 16. Bb5 Bxb5 17. Nxb5 Ne4 18. Qe1 Qf7 19. Nxh5 Nf6 20. Nxg7 Qxg7 21. g3 Rhe8 22. Qa5 Nc6 23. Bxf6 1-0

[Event "ESP-chT 2nd Division 2019"]
[Site "Linares"]
[Date "2019.08.22"]
[Round "6.19"]
[White "Lopez Del Alamo, Antonio"]
[Black "Fernandez Lopez, Ruben"]
[Result "1/2-1/2"]
[ECO "B92"]
[WhiteElo "2276"]
[BlackElo "2242"]
[Annotator "NA"]
[PlyCount "105"]
[EventDate "2019.08.19"]
[EventType "team-tourn"]
[EventCountry "ESP"]
[SourceTitle "playchess.com"]
[Source "ChessBase"]
[SourceQuality "1"]
[TimeControl "5400+30"]

1. e4 c5 2. Nf3 d6 3. d4 cxd4 4. Nxd4 Nf6 5. Nc3 a6 6. Be2 e5 7. Nf3 Be6 8. O-O Be7 9. Re1 O-O 10. h3 Nbd7 11. Ng5 Rc8 12. Nxe6 fxe6 13. Bf3 b5 14. a3 Nb6 15. g3 Qc7 16. Bg2 Nc4 17. Re2 Qc5 18. b3 Nb6 19. Be3 Qxc3 20. Bxb6 h5 21. a4 h4 22. axb5 axb5 23. Ra7 Rf7 24. g4 Qc6 25. Be3 Rc7 26. Rxc7 Qxc7 27. Qd3 Qc6 28. c4 bxc4 29. bxc4 Nh7 30. Rb2 Bg5 31. Rb6 Qa4 32. Rb8+ Rf8 33. Rxf8+ Kxf8 34. Qxd6+ Kf7 35. Bxg5 Qa1+ 36. Kh2 Nxg5 37. Qd2 Kg6 38. Qc2 Qa6 39. c5 Qc6 40. f4 Nf7 41. f5+ Kf6 42. Qf2 g5 43. fxe6+ Kxe6 44. Qa2+ Kf6 45. Qd5 Qc8 46. Bf1 Qb8 47. Bc4 Qb2+ 48. Kh1 Qc1+ 49. Kg2 Qc2+ 50. Kg1 Qc1+ 51. Kg2 Qc2+ 52. Kg1 Qc1+ 53. Kg2 1/2-1/2

[Event "ESP-chT 2nd Division 2019"]
[Site "Linares"]
[Date "2019.08.22"]
[Round "6.20"]
[White "Lorenzo Serrano, Henar"]
[Black "Calzetta Ruiz, Monica"]
[Result "0-1"]
[ECO "B24"]
[WhiteElo "1719"]
[BlackElo "2257"]
[Annotator "NA"]
[PlyCount "72"]
[EventDate "2019.08.19"]
[EventType "team-tourn"]
[EventCountry "ESP"]
[SourceTitle "playchess.com"]
[Source "ChessBase"]
[SourceQuality "1"]
[TimeControl "5400+30"]

1. e4 c5 2. Nc3 Nc6 3. g3 g6 4. d3 Bg7 5. Bg2 Nf6 6. f4 d6 7. Nf3 O-O 8. O-O Bg4 9. h3 Bxf3 10. Bxf3 Rb8 11. Be3 Nd4 12. Bg2 Nd7 13. g4 b5 14. Qd2 b4 15. Nd1 Qa5 16. Bxd4 cxd4 17. Nf2 Rfc8 18. a3 Qc5 19. axb4 Rxb4 20. Rxa7 Qxa7 21. Qxb4 Rxc2 22. e5 Nc5 23. Qxd4 dxe5 24. Qd8+ Bf8 25. fxe5 Ne6 26. Qe8 Rxb2 27. Qc6 Nd4 28. Qe4 Re2 29. Qf4 Bg7 30. e6 Nxe6 31. Qf3 Re3 32. Qa8+ Qxa8 33. Bxa8 Bd4 34. Bd5 Nf4 35. Bg2 Re2 36. h4 Nxd3 0-1